 Dungeon Crawl Stone Soup version 0.23.2-1-ga50397a (webtiles) character file.

Game seed: 11530923495501182870

39 IBeShadow the Charmwright (level 3, 0/31 HPs)
             Began as a Gnoll Skald on May 28, 2019.
             Slain by a rat (2 damage)
             ... on level 2 of the Dungeon.
             The game lasted 00:01:23 (991 turns).

IBeShadow the Charmwright (Gnoll Skald)              Turns: 991, Time: 00:01:24

Health: 0/31       AC:  3    Str: 14    XL:     3   Next: 47%
Magic:  9/9        EV: 14    Int: 15    God:
Gold:   84         SH:  0    Dex: 14    Spells: 11/12 levels left

rFire    . . .     SeeInvis .   a - +0 spear
rCold    . . .     Gourm    .   (no shield)
rNeg     . . .     Faith    .   b - +0 leather armour
rPois    .         Spirit   .   (no helmet)
rElec    .         Reflect  .   (no cloak)
rCorr    .         Harm     .   (no gloves)
MR       .....                  (no boots)
Stlth    ++........             (no amulet)
HPRegen  0.10/turn              c - ring of stealth
MPRegen  0.11/turn              (no ring)

@: no status effects
A: distributed training, fangs 1, strong nose
a: no special abilities


You were on level 2 of the Dungeon.
You were not hungry.

You visited 1 branch of the dungeon, and saw 2 of its levels.

You collected 84 gold pieces.

Inventory:

Hand Weapons
 a - a +0 spear (weapon)
Armour
 b - a +0 leather armour (worn)
Jewellery
 c - a ring of stealth (left hand)
 f - a +2 ring of protection {unknown}
Scrolls
 e - a scroll of remove curse {unknown}
 g - a scroll of identify {unknown}
 h - 2 scrolls of amnesia {unknown}
 i - a scroll of enchant armour {unknown}
 k - a scroll of fog {unknown}
Comestibles
 d - 6 rations


   Skills:
 + Level 4.5 Fighting
 + Level 0.8 Short Blades
 + Level 0.8 Long Blades
 + Level 0.8 Axes
 + Level 0.8 Maces & Flails
 + Level 4.5 Polearms
 + Level 0.8 Staves
 + Level 0.8 Slings
 + Level 0.8 Bows
 + Level 0.8 Crossbows
 + Level 0.8 Throwing
 + Level 2.6 Armour
 + Level 4.5 Dodging
 + Level 0.8 Stealth
 + Level 0.8 Shields
 + Level 0.8 Unarmed Combat
 + Level 5.0 Spellcasting
 + Level 0.5 Conjurations
 + Level 0.5 Hexes
 + Level 5.4 Charms
 + Level 0.5 Summonings
 + Level 0.5 Necromancy
 + Level 0.5 Translocations
 + Level 0.5 Transmutations
 + Level 0.5 Fire Magic
 + Level 0.5 Ice Magic
 + Level 0.5 Air Magic
 + Level 0.5 Earth Magic
 + Level 0.5 Poison Magic
 + Level 1.0 Invocations
 + Level 0.8 Evocations


You had 11 spell levels left.
You knew the following spells:

 Your Spells              Type           Power        Failure   Level  Hunger
a - Infusion              Chrm           ###.         2%          1    None

Your spell library contained the following spells:

 Spells                   Type           Power        Failure   Level  Hunger
 Song of Slaying          Chrm           ###.....     3%          2    ##.....
 Shroud of Golubria       Chrm/Tloc      ##........   9%          2    ##.....
 Regeneration             Chrm/Necr      ##........   17%         3    ###....
 Spectral Weapon          Hex/Chrm       ##......     17%         3    ###....


Dungeon Overview and Level Annotations

Branches:
Dungeon (2/15)

Altars:


Innate Abilities, Weirdness & Mutations

Your experience applies equally to all skills.
You have very sharp teeth.
Your uncanny sense of smell can sniff out nearby items.


Message History

You are too injured to fight recklessly!
Unknown command.
It was a potion of heal wounds.
You feel much better. The gnoll barely misses you. The gnoll hits you.
The goblin hits you with a +0 club.
You struggle against the net.
The gnoll hits you.
The gnoll hits you from afar with a +0 spear.
The gnoll hits you!
* * * LOW HITPOINT WARNING * * *
The goblin barely misses you.
You struggle against the net.
The gnoll hits you but does no damage. The gnoll barely misses you. x2
Unknown command.
You rip the net and break free!
The goblin barely misses you. The gnoll hits you but does no damage.
The gnoll barely misses you. The gnoll misses you.
The goblin completely misses you. The rat bites you.
* * * LOW HITPOINT WARNING * * *
The rat bites you.
You die...

#.... ....######### #....
....#.......# #....
............# #....
............## #....
.............#########....
............(.............
......ggr...#.#########...
......)gg@.........##.....
#########.#............†<.
#.........†......#
######.............##.#
.......$................
.########...............
#######......##.......
......................
......................


You could see 3 gnolls, a goblin and a rat.

Vanquished Creatures
  A gnoll (D:2)
  2 dart slugs
  5 bats
  4 goblins
  A hobgoblin (D:1)
  3 frilled lizards
  6 kobolds
  5 rats (D:1)
27 creatures vanquished.

Notes
Turn   | Place    | Note
-------+----------+-------------------------------------------
     0 | D:1      | IBeShadow the Gnoll Skald began the quest for the Orb.
     0 | D:1      | Reached XP level 1. HP: 20/20 MP: 6/6
    85 | D:1      | Reached XP level 2. HP: 20/26 MP: 7/7
   886 | D:2      | Reached XP level 3. HP: 31/31 MP: 9/9
   896 | D:2      | Reached skill level 5 in Spellcasting
   984 | D:2      | Reached skill level 1 in Invocations
   991 | D:2      | Slain by a rat

Skill      XL: |  1  2  3 |
---------------+----------+-----
Spellcasting   | 5 |  5.0
Invocations    | 1 |  1.0
Fighting       | |  4.5
Short Blades   | |  0.8
Long Blades    | |  0.8
Axes           | |  0.8
Maces & Flails | |  0.8
Polearms       | |  4.5
Staves         | |  0.8
Slings         | |  0.8
Bows           | |  0.8
Crossbows      | |  0.8
Throwing       | |  0.8
Armour         | |  2.6
Dodging        | |  4.5
Stealth        | |  0.8
Shields        | |  0.8
Unarmed Combat | |  0.8
Conjurations   | |  0.5
Hexes          | |  0.5
Charms         | |  5.4
Summonings     | |  0.5
Necromancy     | |  0.5
Translocations | |  0.5
Transmutations | |  0.5
Fire Magic     | |  0.5
Ice Magic      | |  0.5
Air Magic      | |  0.5
Earth Magic    | |  0.5
Poison Magic   | |  0.5
Evocations     | |  0.8

Action                   || total
-------------------------++-------
Melee: Spear             ||    75
       Bite              ||     5
  Use: Potion            ||     1
 Stab: Sleeping          ||     9
       Distracted        ||     1
Armor: Leather armour    ||    15
Dodge: Dodged            ||    37
